 Dungeon Crawl Stone Soup version 0.26-a0-612-gd4d190f45e (webtiles) character file.

Game seed: 10795755741411506257

9 Hastur the Firebug (level 2, 0/15 HPs)
             Began as a Deep Elf Fire Elementalist on Sept 10, 2020.
             Slain by a jackal (3 damage)
             ... on level 1 of the Dungeon.
             The game lasted 00:02:41 (279 turns).

Hastur the Firebug (Deep Elf Fire Elementalist)      Turns: 279, Time: 00:02:41

Health: 0/15       AC:  2    Str:  5    XL:     2   Next: 6%
Magic:  1/8        EV: 13    Int: 19    God:
Gold:   0          SH:  0    Dex: 15    Spells: 6/7 levels left

rFire    . . .     SeeInvis .   (no weapon)
rCold    . . .     Faith    .   (no shield)
rNeg     . . .     Spirit   .   a - +0 robe
rPois    .         Reflect  .   (no helmet)
rElec    .         Harm     .   (no cloak)
rCorr    .                      (no gloves)
MR       .....                  (no boots)
Stlth    ++........             (no amulet)
HPRegen  0.05/turn              (no ring)
MPRegen  0.11/turn              (no ring)

@: no status effects
A: no striking features
a: no special abilities


You were on level 1 of the Dungeon.
You visited 1 branch of the dungeon, and saw 1 of its levels.

Inventory:

Armour
 a - a +0 robe (worn)
 b - a +0 pair of gloves
   (You found it on level 1 of the Dungeon)


   Skills:
 + Level 2.6 Dodging
 + Level 2.6 Stealth
 + Level 3.1 Spellcasting
 * Level 1.5 Conjurations
 * Level 3.4 Fire Magic


You had 6 spell levels left.
You knew the following spells:

 Your Spells              Type           Power        Failure   Level
a - Foxfire               Conj/Fire      ##..         5%          1

Your spell library contained the following spells:

 Spells                   Type           Power        Failure   Level
 Conjure Flame            Conj/Fire      ##......     16%         3
 Inner Flame              Hex/Fire       #.......     22%         3
 Sticky Flame             Conj/Fire      ##......     47%         4
 Fireball                 Conj/Fire      ##........   83%         5


Dungeon Overview and Level Annotations

Branches:
Dungeon (1/15)

Altars:


Message History

You kill the hobgoblin!
You see here a bat corpse.
You start resting.
You see here 17 stones.
Found 21 arrows.
Found a leather armour.
Found a hunting sling. 3 jackals come into view.
You conjure some foxfire!
The jackal barks!
You hear a shout!
You conjure some foxfire!
The foxfire hits the jackal.
The foxfire hits the jackal but does no damage.
A dart slug comes into view.
A kobold comes into view. It is wielding a +0 club.
The foxfire hits the jackal. x2
You conjure some foxfire!
The foxfire hits the jackal. x2
The jackal closely misses you. The dart slug launches a dart at you.
The slug dart misses you. The jackal bites you. The jackal barely misses you.
The jackal bites you but does no damage.
The jackal misses you.
You conjure some foxfire!
The jackal closely misses you. The jackal misses you.
The jackal closely misses you.
The foxfire hits the jackal. x2
You kill the jackal!
You conjure some foxfire!
The jackal closely misses you. The jackal bites you. x2
The foxfire hits the jackal but does no damage.
The foxfire hits the jackal.
The jackal completely misses you.
You conjure some foxfire!
The foxfire hits the jackal.
The jackal closely misses you.
The foxfire hits the jackal.
You kill the jackal!
You have reached level 2!
The jackal bites you.
You conjure some foxfire!
The jackal bites you.
* * * LOW HITPOINT WARNING * * *
The foxfire hits the kobold.
You kill the kobold!
The jackal barely misses you.
The jackal bites you but does no damage.
The jackal closely misses you.
The jackal bites you but does no damage.
The jackal bites you.
* * * LOW HITPOINT WARNING * * *
You conjure some foxfire!
The jackal bites you.
* * * LOW HITPOINT WARNING * * *
The jackal bites you.
You die...

#############.# #.# ####
#.............#########)# #...
#.######†..>......#.....####...
#.# #.##................'...
#.# #.####....†.........#...
#.# #.# #..............##'# #.#
#.# #....(.........##.# #.# #.#
#.vv...........##.# #.######.#
#.@.....#########.# #........#
#h###...##### #.# ##########
#.#(#...#...# #.# #.#.#.#.#...#
#.# #.#...#.....# #.#
#####.#####.....#
#..........w)...#
#.....######.†..# #.....#
##...#####.


You could see a jackal.

Vanquished Creatures
  2 bats (D:1)
  A goblin (D:1)
  A hobgoblin (D:1)
  2 jackals (D:1)
  A kobold (D:1)
  A ball python (D:1)
8 creatures vanquished.

Vanquished Creatures (others)
  24 foxfires (D:1)
24 creatures vanquished.

Grand Total: 32 creatures vanquished

Notes
Turn   | Place    | Note
-------+----------+-------------------------------------------
     0 | D:1      | Hastur the Deep Elf Fire Elementalist began the quest for
                  | the Orb.
     0 | D:1      | Reached XP level 1. HP: 10/10 MP: 6/6
   265 | D:1      | Reached XP level 2. HP: 11/15 MP: 1/8
   279 | D:1      | Slain by a jackal

Illustrated notes

Levels and vault maps discovered:
D:1:      dpeg_arrival_windows_large_door, layout_basic

Action                   || total
-------------------------++-------
 Cast: Foxfire           ||    16
Armor: Robe              ||     3
Dodge: Dodged            ||    12

Table legend: (Time is in decaauts)
 A = Elapsed time spent in this place.
 B = Non-inter-level travel time spent in this place.
 C = Inter-level travel time spent in this place.
 D = Time resting spent in this place.
 E = Time spent auto-exploring this place.
 F = Levels seen in this place.
 G = Mean time per level.
                   A        B        C        D        E       F      G
               +--------+--------+--------+--------+--------+-----+--------+
         Total |    279 |    279 |      0 |     40 |    145 |   1 |  279.0 |
       Dungeon |    279 |    279 |      0 |     40 |    145 |   1 |  279.0 |
               +--------+--------+--------+--------+--------+-----+--------+

Top non-repeatable levels by time:
     D:1: 279 daAuts
